 Dungeon Crawl Stone Soup version 0.23.2-1-ga50397a (webtiles) character file.

Game seed: 13409091133666609116

250 azmarco the Ruffian (level 5, 0/52 HPs)
             Began as a Troll Monk on Apr 24, 2019.
             Slain by Sigmund
             ... wielding a +0 scythe
              (5 damage)
             ... on level 4 of the Dungeon.
             The game lasted 00:19:49 (2508 turns).

azmarco the Ruffian (Troll Monk)                    Turns: 2508, Time: 00:19:50

Health: 0/52       AC:  6    Str: 20    XL:     5   Next: 88%
Magic:  4/4        EV: 11    Int:  6    God:
Gold:   186        SH:  0    Dex: 12    Spells: 4/4 levels left

rFire    . . .     SeeInvis .     - Unarmed
rCold    . . .     Gourm    +   (no shield)
rNeg     . . .     Faith    .   a - +0 robe
rPois    .         Spirit   .   (helmet restricted)
rElec    .         Reflect  .   (no cloak)
rCorr    .         Harm     .   (gloves unavailable)
MR       .....                  (boots unavailable)
Stlth    ++........             (no amulet)
HPRegen  0.57/turn              (no ring)
MPRegen  0.09/turn              (no ring)

@: no status effects
A: large, unfitting armour, claws 3, fast metabolism 3, gourmand, regeneration
1, shaggy fur 1, tough skin 3
a: no special abilities


You were on level 4 of the Dungeon.
You were not hungry.

You visited 1 branch of the dungeon, and saw 4 of its levels.

You collected 186 gold pieces.

Inventory:

Hand Weapons
 g - a +0 morningstar
Armour
 a - a +0 robe (worn)
Scrolls
 d - 2 scrolls of remove curse
 e - a scroll of enchant weapon
 f - 2 scrolls of teleportation
Comestibles
 b - a ration


   Skills:
 + Level 2.9 Fighting
 + Level 3.6 Dodging
 + Level 1.5 Stealth
 + Level 5.0 Unarmed Combat


You had 4 spell levels left.
You didn't know any spells.
Your spell library was empty.

Dungeon Overview and Level Annotations

Branches:
Dungeon (4/15)
 Temple: D:4-7

Altars:
Kikubaaqudgha

Annotations:
D:4 Sigmund


Innate Abilities, Weirdness & Mutations

You are too large for most types of armour.
You have claws for hands.
Your metabolism is lightning-fast.
You like to eat raw meat.
Your natural rate of healing is unusually fast.
You are covered in fur. (AC +1)
You have extremely tough skin. (AC +3)


Message History

You barely miss the shadow imp.
The shadow imp is heavily wounded.
A jackal comes into view.
The shadow imp hits you.
* * * LOW HITPOINT WARNING * * *
You closely miss the shadow imp.
The orc shouts!
The jackal barks!
Your claw misses the shadow imp.
The shadow imp is heavily wounded.
The orc throws a tomahawk.
The tomahawk barely misses you. The shadow imp closely misses you.
Something hits you!
* * * LOW HITPOINT WARNING * * *
A worker ant comes into view.
The shadow imp completely misses you.
Found a potion of curing.
The worker ant twitches its antennae in your direction.
You scratch the jackal but do no damage.
Your claw misses the jackal. The jackal barely misses you. Something hits you.
You die...

.......o..## ...........##
.a....o.....## ...h.........#
.............###
................
..............#. .
...............! ..
.......h@....## #....#. ..
.....(.5......####...#..#
...####.......{....#....#.#....
...............###.###........
.......###.###..§#...§...$...#
.............#§§#.........##
#.#.......#..#.§§#....#..§##.
#........).#.§.§§.......$....
###.<......§....§........§...


You could see a worker ant, a shadow imp, an orc and 2 jackals.

Vanquished Creatures
  A hound (D:4)
  A centaur skeleton (D:4)
  Jessica (D:2)
  A hound skeleton (D:4)
  Robin (D:4)
  6 adders
  3 oozes
  2 worms (D:2)
  A dart slug (D:1)
  2 leopard geckos (D:3)
  5 orcs (D:3)
  2 giant cockroaches (D:3)
  17 goblins
  7 hobgoblins
  2 jackals (D:2)
  A kobold (D:3)
  A quokka (D:2)
  5 bats
  4 frilled lizards
  2 rats
65 creatures vanquished.

Notes
Turn   | Place    | Note
-------+----------+-------------------------------------------
     0 | D:1      | azmarco the Troll Monk began the quest for the Orb.
     0 | D:1      | Reached XP level 1. HP: 22/22 MP: 0/0
   235 | D:1      | Reached XP level 2. HP: 29/29 MP: 1/1
   796 | D:2      | Reached XP level 3. HP: 26/36 MP: 2/2
   828 | D:2      | Noticed Jessica
   834 | D:2      | Killed Jessica
   877 | D:2      | Reached XP level 4. HP: 31/44 MP: 3/3
   884 | D:2      | Reached skill level 4 in Unarmed Combat
  1735 | D:3      | Reached XP level 5. HP: 52/52 MP: 4/4
  1956 | D:3      | Found an ancient bone altar of Kikubaaqudgha.
  2433 | D:4      | Noticed Robin
  2466 | D:4      | Killed Robin
  2466 | D:4      | Reached skill level 5 in Unarmed Combat
  2483 | D:4      | Noticed Sigmund
  2508 | D:4      | Slain by Sigmund

Skill      XL: |  1  2  3  4  5 |
---------------+----------------+-----
Dodging        | 3 |  3.6
Unarmed Combat | 4 5 |  5.0
Fighting       | |  2.9
Stealth        | |  1.5

Action                   |  1- 3 |  4- 6 || total
-------------------------+-------+-------++-------
Melee: Unarmed           |    61 |   128 ||   189
       Punch             |       |     1 ||     1
  Use: Scroll            |     6 |     6 ||    12
       Potion            |     1 |     5 ||     6
 Stab: Sleeping          |     2 |     1 ||     3
  Eat: Ration            |     2 |     4 ||     6
Armor: Robe              |    42 |    65 ||   107
Dodge: Dodged            |    47 |    99 ||   146
